 Dungeon Crawl Stone Soup version 0.30-a0-728-gc68057be0a (webtiles) character file.

Game seed: 17010307108221130565

45677 themarg the Thaumaturge (level 14, -20/110 HPs)
             Began as a Mummy Cinder Acolyte on Jan 31, 2023.
             Was a Believer of Ignis.
             Demolished by a large slime creature (31 damage)
             ... on level 11 of the Dungeon.
             The game lasted 01:49:08 (26446 turns).

themarg the Thaumaturge (Mummy Cinder Acolyte)     Turns: 26446, Time: 01:49:08

Health: -20/110    AC: 19    Str: 15    XL:     14   Next: 2%
Magic:  10/30      EV: 12    Int: 23    God:    Ignis [**....]
Gold:   962        SH:  5    Dex:  8    Spells: 19/37 levels left

rFire   . . .      SeeInvis .    a - -2 demon whip (venom)
rCold   + . .      Faith    +    O - +1 buckler of Levity {+Blink rN+ Will+ Str-3}
rNeg    + + +      Spirit   .    I - +0 troll leather armour
rPois   ∞          Reflect  .    y - +2 helmet
rElec   .          Harm     .    m - +0 cloak
rCorr   .          Rampage  .    (no gloves)
Will    ++...                    n - +2 pair of boots
Stlth   +                        E - amulet of regeneration
HPRegen 1.98/turn                F - +6 ring of intelligence
MPRegen 0.22/turn                M - ring of flight

@: fiery-armoured, flying
A: cold resistance 1, negative energy resistance 3, torment resistance 2, heat
vulnerability 1, in touch with death 2, no potions, faith
a: Renounce Religion, Evoke Blink, Fiery Armour, Foxfire Swarm


You were on level 11 of the Dungeon.
You worshipped Ignis.
Ignis was pleased with you.
You visited 3 branches of the dungeon, and saw 18 of its levels.
You also visited: Sewer.

You collected 1357 gold pieces.
You spent 395 gold pieces at shops.

Inventory:

Hand Weapons
 a - a -2 demon whip of venom (weapon)
 z - a +2 dagger of venom
Missiles
 c - 174 stones
 j - 31 poisoned darts (quivered)
 v - 5 boomerangs
 A - 4 javelins
 K - a throwing net
Armour
 m - a +0 cloak (worn)
 n - a +2 pair of boots (worn)
 y - a +2 helmet (worn)
 I - a +0 troll leather armour (worn)
 O - the +1 buckler of Levity (worn) {+Blink rN+ Will+ Str-3}
   (You found it on level 10 of the Dungeon)

   Str:       It affects your strength (-3).
   rN:        It protects you from negative energy.
   +Blink:    It lets you blink.
   Will:      It increases your willpower.
Magical Staves
 b - a staff of conjuration
Jewellery
 e - a ring of ice
 g - the ring of Baicirei {rPois rF+++ Will- SInv}
   (You acquired it on level 4 of the Dungeon)

   [ring of see invisible]

   rF:        It renders you almost immune to fire.
   rPois:     It protects you from poison.
   SInv:      It lets you see invisible.
   Will:      It decreases your willpower.
 B - an amulet of reflection
 E - an amulet of regeneration (around neck)
 F - a +6 ring of intelligence (left hand)
 L - a ring of see invisible
 M - a ring of flight (right hand)
Wands
 d - a wand of paralysis (10)
 k - a wand of flame (14)
 t - a wand of polymorph (11)
Scrolls
 f - 3 scrolls of blinking
 h - 5 scrolls of magic mapping
 i - 9 scrolls of fog
 l - 2 scrolls of vulnerability
 o - 3 scrolls of immolation
 p - 3 scrolls of enchant weapon
 q - 3 scrolls of amnesia
 r - 2 scrolls of poison
 s - 7 scrolls of teleportation
 u - 2 scrolls of identify
 x - 4 scrolls of brand weapon
 C - a scroll of silence
 D - 2 scrolls of fear
 G - 3 scrolls of enchant armour
 H - 2 scrolls of torment


   Skills:
 - Level 10.0 Fighting
 - Level 2.4 Short Blades
 - Level 3.0 Throwing
 - Level 5.0 Armour
 - Level 5.0 Dodging
 - Level 2.0 Stealth
 - Level 5.0 Shields
 - Level 12.0 Spellcasting
 - Level 7.0 Conjurations
 + Level 4.0 Transmutations
 - Level 10.0 Fire Magic
 - Level 3.5 Air Magic
 - Level 3.5 Poison Magic
 - Level 5.0 Evocations


You had 19 spell levels left.
You knew the following spells:

 Your Spells              Type           Power      Damage    Failure   Level
a - Scorch                Fire           100%       2d10      1%          2
b - Mephitic Cloud        Conj/Pois/Air  35%        N/A       3%          3
c - Ignite Poison         Fire/Tmut/Pois 40%        N/A       1%          3
d - Fireball              Conj/Fire      26%        3d12      6%          5
e - Irradiate             Conj/Tmut      19%        3d18      21%         5

Your spell library contained the following spells:

 Spells                   Type           Power      Damage    Failure   Level
 Kiss of Death            Conj/Necr      100%       2d13      1%          1
 Magic Dart               Conj           100%       1d8       1%          1
 Shock                    Conj/Air       100%       1d9       1%          1
 Sting                    Tmut/Pois      100%       1d8       1%          1
 Searing Ray              Conj           92%        2d7       1%          2
 Static Discharge         Conj/Air       74%        2-6/arc   1%          2
 Inner Flame              Hex/Fire       36%        N/A       2%          3
 Swiftness                Air            29%        N/A       4%          3
 Necrotise                Necr           100%       1d9       7%          1
 Summon Small Mammal      Summ           52%        N/A       7%          1
 Vhi's Electric Charge    Tloc/Air       42%        N/A       11%         3
 Airstrike                Air            14%        2d(3-19)  17%         4
 Fulminant Prism          Conj/Hex       14%        3d9       17%         4
 Call Canine Familiar     Summ           13%        N/A       22%         3
 Confusing Touch          Hex            13%        N/A       22%         3
 Summon Guardian Golem    Hex/Summ       13%        N/A       22%         3
 Vampiric Draining        Necr           31%        2d8       22%         3
 Arcjolt                  Conj/Air       18%        1d28      22%         5
 Lightning Bolt           Conj/Air       18%        1d33      22%         5
 Alistair's Intoxication  Tmut/Pois      20%        N/A       38%         5
 Dispel Undead            Necr           31%        3d14      56%         4
 Agony                    Necr           31%        N/A       89%         5
 Eringya's Noxious Bog    Tmut/Pois      15%        N/A       93%         6
 Chain Lightning          Conj/Air       18%        3d24      100%        9
 Fire Storm               Conj/Fire      26%        8d7       100%        9
 Shatter                  Erth           6%         3d9*      100%        9
 Blade Hands              Tmut           Unusable   N/A       N/A         5
 Dragon Form              Tmut           Unusable   N/A       N/A         7

Dungeon Overview and Level Annotations

Branches:
Dungeon (12/15)            Temple (1/1) D:6            Lair (5/5) D:9
  Swamp (0/4) Lair:2       Spider (0/4) Lair:2        Slime (0/5) Lair:4
    Orc (0/2) D:11          Sewer (visited)

Altars:
Ashenzari
Cheibriados
Dithmenos
Fedhas
Gozag
Hepliaklqana
Kikubaaqudgha
Makhleb
Nemelex Xobeh
Okawaru
Qazlal
Ru
Sif Muna
Trog
Uskayaw
Vehumet
Wu Jian
Xom
Yredelemnul
Jiyva

Shops:
D:3 *

Annotations:
D:3 1 exclusion
Lair:2 Laraso's ghost, journeyman MeCA


Innate Abilities, Weirdness & Mutations

You are immune to poison.
Your flesh is cold resistant. (rC+)
You are immune to negative energy. (rN+++)
You are immune to unholy pain and torment.
You are vulnerable to heat. (rF-)
You are strongly in touch with the powers of death.
You do not drink.
You have a special connection with the divine. (Faith)


Message History

You ignite the poison in your surroundings!
The large slime creature seems to burn from within.
The large slime creature is heavily wounded.
The large slime creature misses you.
A very large slime creature splits.
A large slime creature splits.
There is an open door here.
There is a stone staircase leading up here.
A large slime creature splits.
Two slime creatures merge to form a large slime creature.
You fly upwards.
There is a stone staircase leading down here.
You hit the slime creature.
The slime creature is heavily wounded.
The slime creature hits you.
You whack the slime creature!
The slime creature is severely wounded.
The slime creature closely misses you.
The large slime creature closely misses you.
You hit the slime creature but do no damage.
The slime creature is severely wounded.
The slime creature hits you! The large slime creature hits you!
You hit the slime creature.
The slime creature is severely wounded.
The slime creature hits you. The large slime creature hits you!!
* * * LOW HITPOINT WARNING * * *
A protective cloak of flame settles atop you.
The slime creature hits you but does no damage.
The slime creature is burned by your cloak of flames.
The slime creature is almost dead.
The large slime creature hits you!
* * * LOW HITPOINT WARNING * * *
The large slime creature is burned by your cloak of flames.
The large slime creature is heavily wounded.
You hit the slime creature but do no damage.
The slime creature is almost dead.
The slime creature hits you but does no damage.
The slime creature is burned by your cloak of flames.
The slime creature is almost dead.
The large slime creature hits you!!
You die...

#...8≈≈≈≈≈≈≈≈≈≈≈≈≈≈≈≈≈≈≈≈≈≈≈≈≈≈..
..#..............................
##.##.###......#..###..###.####..
#.###.#.###.###.## #......# #.>
##.# ##.####.###.# #..##### #.#
..#####>......##.####..# #.#
.............).........# #.#
..##.######.#[##J####.## #.#
..##.# #.#.##@# #.# #.#
..##.######.#.##J# #.# #.#
..##.##........).####.# #.#
..##..........[.......# #.#
..##..........######### #.#
..##.##.###[).# ###########.#
..#...#.###<[.# #......^....#
......)[)[)...# #.###########
.......)###).## #.#


You could see a large slime creature and a slime creature.

Vanquished Creatures
  Kirke (Lair:5)
  The ghost of omnomnOMINOUS the Cleaver, a journeyman OpWn of Gozag (Lair:1)
  3 hydras
  A merfolk avatar (Lair:5)
  4 two-headed ogres
  3 death yaks
  Amaemon (Lair:3)
  3 sea snakes
  2 lindwurms
  A harpy (Lair:5)
  A manticore (D:11)
  An ugly thing (D:9)
  14 elephants
  2 black mambas
  14 cane toads
  A torpor snail (Lair:1)
  An orange demon (Lair:3)
  Joseph (D:8)
  Maggie (D:7)
  3 rime drakes
  7 komodo dragons
  A troll (D:9)
  Psyche (D:9)
  2 hornets (Lair:5)
  A wind drake (Lair:5)
  4 polar bears
  12 blink frogs
  2 dream sheep (Lair:1)
  A shadow (D:11)
  2 slime creatures
  6 wyverns
  A water elemental (D:11)
  4 culicivoras (Lair:2)
  A wraith (D:11)
  2 hogs (Lair:5)
  A human (Lair:5)
  18 yaks
  2 basilisks
  6 steam dragons
  6 vampire mosquitoes
  A naga (D:5)
  11 water moccasins
  5 acid dragons
  8 orc warriors
  2 ice beasts
  2 sky beasts
  3 black bears
  18 wolves
  4 centaurs
  2 phantoms (D:5)
  A kobold brigand (D:7)
  9 bullfrogs
  3 gnoll sergeants
  3 necrophages (D:6)
  4 scorpions
  17 wights
  4 killer bees
  An electric eel (D:11)
  6 howler monkeys
  2 hounds
  4 jellies
  8 orc priests
  6 iguanas
  Ijyb (D:3)
  Natasha (twice) (D:3)
  9 orc wizards
  Robin (D:4)
  11 gnolls
  4 river rats (Sewer)
  9 adders
  A white imp (D:7)
  An ufetubus (D:6)
  3 dart slugs (D:4)
  6 worms
  46 orcs
  10 ball pythons
  13 endoplasms
  4 giant cockroaches
  10 goblins
  4 hobgoblins
  11 jackals
  6 kobolds
  6 quokkas
  11 bats
  3 frilled lizards
  5 rats
440 creatures vanquished.

Vanquished Creatures (others)
  A human (Lair:5)
  A bush (Lair:5)
  32 fungi
  72 plants
106 creatures vanquished.

Grand Total: 546 creatures vanquished

Notes
Turn   | Place    | Note
-------+----------+-------------------------------------------
     0 | D:1      | themarg the Mummy Cinder Acolyte began the quest for the
                  | Orb.
     0 | D:1      | Reached XP level 1. HP: 18/18 MP: 2/2
   239 | D:1      | Reached XP level 2. HP: 24/24 MP: 4/4
   242 | D:1      | Learned a level 2 spell: Scorch
   291 | D:1      | Reached skill level 2 in Spellcasting
   653 | D:1      | Reached skill level 1 in Stealth
  1126 | D:1      | Gained mutation: You are in touch with the powers of death.
                  | [Mummy growth]
  1126 | D:1      | Reached XP level 3. HP: 24/29 MP: 1/6
  1510 | D:2      | HP: 1/29 [hobgoblin/puff of flame (13)]
  1669 | D:2      | Reached XP level 4. HP: 35/35 MP: 1/7
  2060 | D:2      | Found a faded altar of an unknown god.
  2277 | D:3      | Found Zin's Purification Station.
  2278 | D:3      | Noticed Ijyb
  2307 | D:3      | Killed Ijyb
  2484 | D:3      | Found a glowing drain.
  2503 | Sewer    | Entered a sewer
  2576 | Sewer    | Reached XP level 5. HP: 41/41 MP: 1/8
  2958 | Sewer    | Reached skill level 3 in Spellcasting
  3646 | D:3      | Found a stormy altar of Qazlal.
  3653 | D:3      | Noticed Natasha
  3658 | D:3      | Killed Natasha
  3824 | D:3      | Noticed Natasha
  3829 | D:3      | Killed Natasha
  3830 | D:3      | Reached XP level 6. HP: 33/47 MP: 5/10
  4200 | D:4      | Found an ancient bone altar of Kikubaaqudgha.
  4282 | D:4      | Noticed Sigmund
  4297 | D:4      | Reached skill level 5 in Fire Magic
  4304 | D:4      | Sigmund changed into Sigmund the dart slug
  4304 | D:4      | Noticed Sigmund
  4990 | D:4      | Killed Sigmund the dart slug
  5339 | D:4      | Reached XP level 7. HP: 48/52 MP: 2/11
  5604 | D:4      | Noticed Robin
  5617 | D:4      | Killed Robin
  6278 | D:4      | Identified 2 scrolls of acquirement
  6280 | D:4      | Acquired the Secrets of the Nasty Tropics
  6282 | D:4      | Acquired the ring of Baicirei {rPois rF+++ Will- SInv}
  6344 | D:5      | Entered Level 5 of the Dungeon
  6383 | D:5      | Found a hazy altar of Hepliaklqana.
  6455 | D:4      | Reached skill level 5 in Fighting
  6814 | D:5      | Reached skill level 1 in Conjurations
  6814 | D:5      | Reached skill level 1 in Air Magic
  6814 | D:5      | Reached skill level 1 in Poison Magic
  6929 | D:5      | Reached XP level 8. HP: 62/62 MP: 3/12
  7075 | D:5      | Learned a level 3 spell: Mephitic Cloud
  7699 | D:5      | Found a shimmering blue altar of Sif Muna.
  8142 | D:6      | Reached skill level 4 in Spellcasting
  8299 | D:6      | Reached skill level 5 in Spellcasting
  8518 | D:6      | Reached skill level 1 in Dodging
  8684 | D:6      | Found a staircase to the Ecumenical Temple.
  8690 | Temple   | Entered the Ecumenical Temple
  8761 | D:6      | Found a shadowy altar of Dithmenos.
  8762 | D:6      | Found an iron altar of Okawaru.
  9409 | D:7      | Reached XP level 9. HP: 67/68 MP: 1/16
  9724 | D:7      | Reached skill level 1 in Shields
 10140 | D:7      | Found a burning altar of Makhleb.
 10827 | D:7      | Noticed Maggie
 10840 | D:7      | Killed Maggie
 11227 | D:8      | Noticed Joseph
 11426 | D:7      | Reached skill level 5 in Shields
 12047 | D:8      | Reached XP level 10. HP: 74/74 MP: 0/17
 12377 | D:8      | Killed Joseph
 12378 | D:8      | Reached skill level 5 in Conjurations
 12582 | D:9      | Found an ornate altar of the Wu Jian Council.
 12592 | D:9      | Reached skill level 6 in Spellcasting
 12778 | D:9      | Reached skill level 1 in Throwing
 12921 | D:9      | Found a staircase to the Lair.
 12931 | D:9      | Noticed Psyche
 12939 | D:9      | Killed Psyche
 13226 | D:9      | Noticed a cyan ugly thing
 13247 | D:9      | Killed a cyan ugly thing
 13248 | D:9      | Reached skill level 7 in Spellcasting
 13374 | D:9      | Identified the +0 war axe of Uskistrue {heavy, *Corrode
                  | rF++ Dex+5}
 14041 | D:10     | Entered Level 10 of the Dungeon
 14260 | D:10     | Noticed a two-headed ogre
 14268 | D:10     | Killed a two-headed ogre
 14269 | D:10     | Reached skill level 8 in Spellcasting
 14391 | D:10     | Noticed a two-headed ogre
 14831 | D:10     | Reached XP level 11. HP: 84/84 MP: 14/23
 14959 | D:10     | Killed a two-headed ogre
 15975 | D:11     | Noticed a two-headed ogre
 16009 | D:11     | Killed a two-headed ogre
 16425 | D:10     | Learned a level 3 spell: Ignite Poison
 16431 | D:10     | Learned a level 5 spell: Fireball
 16454 | D:11     | Noticed a two-headed ogre
 16463 | D:11     | Killed a two-headed ogre
 16464 | D:11     | Reached skill level 9 in Spellcasting
 16870 | D:11     | Found Kuahiuc's Magic Scroll Shop.
 16878 | D:11     | Bought a scroll of identify for 22 gold pieces
 16878 | D:11     | Bought a scroll of immolation for 44 gold pieces
 16878 | D:11     | Bought a scroll of identify for 22 gold pieces
 16878 | D:11     | Bought a scroll of blinking for 82 gold pieces
 16878 | D:11     | Bought a scroll of teleportation for 33 gold pieces
 16878 | D:11     | Bought a scroll of vulnerability for 44 gold pieces
 16878 | D:11     | Bought a scroll of teleportation for 33 gold pieces
 16878 | D:11     | Bought a scroll of magic mapping for 82 gold pieces
 16878 | D:11     | Bought a scroll of teleportation for 33 gold pieces
 17095 | D:11     | Found a staircase to the Orcish Mines.
 17293 | Lair:1   | Entered Level 1 of the Lair of Beasts
 17353 | Lair:1   | Reached skill level 5 in Dodging
 17672 | Lair:1   | Found a runed translucent gate.
 17672 | Lair:1   | Found a runed translucent gate.
 17672 | Lair:1   | Found a runed translucent gate.
 17676 | Lair:1   | Noticed omnomnOMINOUS's ghost (journeyman OpWn)
 18298 | Lair:2   | Noticed a five-headed hydra
 18421 | Lair:1   | Killed a five-headed hydra
 18422 | Lair:1   | Reached XP level 12. HP: 56/95 MP: 0/25
 18966 | Lair:2   | Found a staircase to the Swamp.
 19008 | Lair:2   | Reached skill level 10 in Spellcasting
 19480 | Lair:2   | Found a runed translucent door.
 19504 | Lair:2   | Noticed Laraso's ghost (journeyman MeCA)
 19538 | Lair:2   | Found a hole to the Spider Nest.
 20343 | Lair:3   | Noticed Amaemon
 20803 | Lair:3   | Killed Amaemon
 21167 | Lair:4   | Noticed a six-headed hydra
 21170 | Lair:4   | Killed a six-headed hydra
 21324 | Lair:4   | Reached skill level 10 in Fire Magic
 21455 | Lair:4   | Reached skill level 1 in Evocations
 22329 | Lair:4   | Found a viscous altar of Jiyva.
 22336 | Lair:4   | Found a staircase to the Slime Pits.
 22679 | Lair:5   | Entered Level 5 of the Lair of Beasts
 22679 | Lair:5   | Noticed a death yak
 22679 | Lair:5   | Noticed a death yak
 22681 | Lair:5   | Noticed a death yak
 22689 | Lair:4   | Gained mutation: You are strongly in touch with the powers
                  | of death. [Mummy growth]
 22689 | Lair:4   | Reached XP level 13. HP: 89/101 MP: 18/27
 22920 | Lair:4   | Reached skill level 5 in Evocations
 23038 | Lair:4   | Reached skill level 1 in Armour
 23084 | Lair:5   | Reached skill level 1 in Transmutations
 23986 | Lair:5   | Reached skill level 10 in Fighting
 24174 | Lair:5   | Noticed Kirke
 24179 | Lair:5   | Killed Kirke
 24189 | Lair:5   | Reached skill level 5 in Armour
 24684 | Lair:5   | Reached skill level 11 in Spellcasting
 24907 | Lair:5   | Identified the +6 trident "Makus" {freeze, rF- rC+++ Int+4
                  | Dex-4}
 25827 | Lair:1   | Learned a level 5 spell: Irradiate
 25834 | Lair:1   | Killed omnomnOMINOUS's ghost
 25835 | Lair:1   | Reached skill level 12 in Spellcasting
 25835 | Lair:1   | Reached XP level 14. HP: 108/110 MP: 14/30
 26061 | D:10     | Identified the +1 buckler of Levity {+Blink rN+ Will+
                  | Str-3}
 26446 | D:11     | Demolished by a large slime creature

Illustrated notes

Levels and vault maps discovered:
D:1:      psy_arrival_statuary, layout_basic, minmay_misc_feat_iff
D:2:      layout_basic, basic_ecumenical_altar, minmay_randomly_rotated_circles
D:3:      layout_loops_cross, zin_purify, mainiacjoe_overflow_small_starburst,
          cheibrodos_sewer_entry_bend, corexii_hall_statues_i, minivault_14,
          uniq_natasha, uniq_ijyb
D:4:      layout_loops_ring, mainiacjoe_overflow_24_doors, uniq_robin,
          uniq_sigmund
D:5:      layout_cave_pools, amcnicky_altar_gilded, tgw_sif
D:6:      layout_basic, nicolae_overflow_squiral,
          minmay_temple_entry_purple_smoke
D:7:      layout_layer_cave, mainiacjoe_overflow_paths, grunt_decor_resistance,
          kennysheep_small_square, uniq_maggie
D:8:      layout_rooms, uniq_joseph
D:9:      layout_irregular_city, overflow_temple_1_default, dpeg_oklobed_lair,
          kennysheep_generic_room_13, uniq_psyche
D:10:     minmay_weird_star, layout_basic
D:11:     layout_loops_ring, erik_orc_2, serial_shops, shop_coins
D:12:     layout_roguey, st_stairs_11, uniq_frances, uniq_nergalle
Temple:   cyrus_circular_temple
Lair:1:   layout_misc_corridors, ebering_ghost_rock_garden
Lair:2:   layout_loops_ring, minmay_swamp_entry_swarm,
          hellmonk_spider_entry_life_and_decay, ebering_ghost_inner_flame,
          serial_bayou_shore_b, infiniplex_staircase_pool_2, lemuel_fruit_tree
Lair:3:   layout_hall_layers, uniq_amaemon
Lair:4:   layout_loops_ring, minmay_slime_entry_pillars
Lair:5:   gammafunk_lair_ancient_temple, layout_small_grid, uniq_kirke

Skill      XL: |  1  2  3  4  5  6  7  8  9 10 11 12 13 |
---------------+----------------------------------------+-----
Spellcasting   | 2 3 5 8 9 10 12 | 12.0
Stealth        | 1 2 |  2.0
Fire Magic     | 3 4 6 7 8 10 | 10.0
Fighting       | 5 7 9 10 | 10.0
Conjurations   | 1 2 4 5 7 |  7.0
Air Magic      | 1 2 3 |  3.5
Poison Magic   | 1 2 3 |  3.5
Dodging        | 3 5 |  5.0
Shields        | 5 |  5.0
Throwing       | 2 3 |  3.0
Evocations     | 4 5 |  5.0
Armour         | 5 |  5.0
Transmutations | 4 |  4.0
Short Blades   | |  2.4

Action                     |  1- 3 |  4- 6 |  7- 9 | 10-12 | 13-15 || total
---------------------------+-------+-------+-------+-------+-------++-------
  Melee: Short sword       |   101 |    60 |    13 |       |       ||   174
         Punch             |     1 |     1 |       |       |       ||     2
         Dagger            |       |       |    46 |   225 |   225 ||   496
         Demon whip        |       |       |       |       |     8 ||     8
  Throw: Stone             |     1 |     1 |     3 |       |       ||     5
         Dart              |       |       |       |    14 |       ||    14
   Cast: Scorch            |    32 |   100 |   204 |   381 |    83 ||   800
         Mephitic Cloud    |       |       |     9 |    58 |    50 ||   117
         Fireball          |       |       |       |    18 |     4 ||    22
         Ignite Poison     |       |       |       |     7 |    35 ||    42
         Irradiate         |       |       |       |       |     3 ||     3
 Invoke: Fiery Armour      |       |     4 |     3 |     2 |     1 ||    10
         Rising Flame      |       |     1 |       |       |       ||     1
  Evoke: Wand              |       |     5 |     5 |     1 |     3 ||    14
    Use: Scroll            |       |     1 |     8 |     9 |     3 ||    21
   Stab: Paralysed         |       |       |     1 |       |       ||     1
         Confused          |       |       |     1 |     7 |     5 ||    13
 Armour: Robe              |    25 |    44 |    52 |     5 |       ||   126
         Troll leather arm |       |       |       |   143 |    91 ||   234
  Dodge: Dodged            |    62 |    52 |   116 |   260 |   145 ||   635
         Repelled          |       |       |     3 |     6 |       ||     9
  Block: Other             |       |       |    10 |       |       ||    10
         Buckler           |       |       |     8 |    95 |    45 ||   148

Table legend: (Time is in decaauts)
 A = Elapsed time spent in this place.
 B = Non-inter-level travel time spent in this place.
 C = Inter-level travel time spent in this place.
 D = Time resting spent in this place.
 E = Time spent auto-exploring this place.
 F = Levels seen in this place.
 G = Mean time per level.
                   A        B        C        D        E       F      G
               +--------+--------+--------+--------+--------+-----+--------+
         Total |  26719 |  25611 |   1108 |   6414 |  14027 |  19 | 1406.3 |
       Dungeon |  16739 |  15948 |    791 |   3500 |   9650 |  12 | 1394.9 |
        Temple |     59 |     59 |      0 |      0 |     42 |   1 |   59.0 |
          Lair |   8795 |   8478 |    317 |   2567 |   4055 |   5 | 1759.0 |
         Sewer |   1124 |   1124 |      0 |    347 |    280 |   1 | 1124.0 |
               +--------+--------+--------+--------+--------+-----+--------+

Top non-repeatable levels by time:
     D:4: 2381 daAuts
     D:7: 2325 daAuts
  Lair:5: 2164 daAuts
     D:9: 2045 daAuts
  Lair:3: 1825 daAuts
  Lair:4: 1823 daAuts
     D:6: 1684 daAuts
  Lair:2: 1582 daAuts
    D:11: 1494 daAuts
  Lair:1: 1399 daAuts
    D:10: 1399 daAuts
     D:3: 1184 daAuts
     D:1: 1180 daAuts
   Sewer: 1124 daAuts
     D:2: 1104 daAuts
